 Dungeon Crawl Stone Soup version 0.19.0-19-g8c6edcc (webtiles) character file.

133 lorenzova the Ducker (level 4, -10/23 HPs)
             Began as a Spriggan Monk on Nov 12, 2016.
             Killed by divine providence
             ... invoked by an orc priest
              (14 damage)
             ... on level 4 of the Dungeon.
             The game lasted 00:04:15 (2499 turns).

lorenzova the Ducker (Spriggan Monk)                Turns: 2499, Time: 00:04:16

Health: -10/23     AC:  2    Str:  7    XL:     4   Next: 93%
Magic:  7/7        EV: 22    Int: 11    God:
Gold:   185        SH:  0    Dex: 19    Spells: 0 memorised, 5 levels left

rFire  x . .     SeeInvis +     a - +0 short sword
rCold  + . .     Gourm    .     g - +0 robe (curse)
rNeg   . . .     Faith    .     (shield restricted)
rPois  +         Spirit   .     (helmet restricted)
rElec  .         Reflect  .     (no cloak)
rCorr  .         Harm     .     (gloves unavailable)
MR     .....                    (boots unavailable)
Stlth  +++.......               (no amulet)
                                m - ring of poison resistance
                                i - ring of ice

@: very quick
A: unfitting armour, see invisible, herbivore 3, speed 3, slow metabolism 2
a: no special abilities


You were on level 4 of the Dungeon.
You were not hungry.

You visited 1 branch of the dungeon, and saw 4 of its levels.

You collected 185 gold pieces.

Inventory:

Hand Weapons
 a - a +0 short sword (weapon)
Armour
 b - a +0 robe
 g - a cursed +0 robe (worn)
Jewellery
 i - a ring of ice (left hand)
 l - an uncursed ring of ice
 m - a ring of poison resistance (right hand)
Scrolls
 e - 4 scrolls of identify {unknown}
 f - a scroll of blinking {unknown}
 h - 3 scrolls of teleportation {unknown}
 n - 2 scrolls of enchant armour {unknown}
Potions
 d - 2 potions of agility {unknown}
 j - a potion of curing {unknown}
 k - a potion of mutation {unknown}
 o - a potion of lignification {unknown}
Books
 p - a book of Conjurations

   Spells                             Type                      Level
   a - Magic Dart                     Conjuration                  1
   b - Searing Ray                    Conjuration                  2
   c - Dazzling Spray                 Conjuration/Hexes            3
   d - Fulminant Prism                Conjuration/Hexes            4
   e - Iskenderun's Mystic Blast      Conjuration                  4
   f - Iskenderun's Battlesphere      Conjuration/Charms           5
Comestibles
 c - 4 bread rations


   Skills:
 - Level 2.4 Fighting
 - Level 3.9 Short Blades
 + Level 6.3 Dodging
 + Level 5.0 Stealth
 * Level 1.3 Spellcasting


You had 5 spell levels left.
You didn't know any spells.

Dungeon Overview and Level Annotations

Branches:
Dungeon (4/15)
 Temple: D:4-7

Altars:

Annotations:
D:2 1 runed door
D:3 Lochraine's ghost, amateur MfIE


Innate Abilities, Weirdness & Mutations

You are very small and have problems with some larger weapons.
You are too small for most types of armour.
You have supernaturally acute eyesight. (SInv)
You are a herbivore.
You cover ground extremely quickly.
You need consume almost no food.


Message History

The jackal misses you. The orc priest completely misses you.
The orc completely misses you. The jackal completely misses you.
You hit the orc priest but do no damage.
The orc priest is severely wounded.
The orc priest hits you with a flail.
* * * LOW HITPOINT WARNING * * *
The jackal misses you. The orc hits you but does no damage.
You hit the orc priest.
The orc priest is severely wounded.
The jackal closely misses you. The orc priest closely misses you.
You hit the orc priest.
The orc priest is almost dead.
The jackal completely misses you. The orc closely misses you.
You hit the orc priest but do no damage.
The orc priest is almost dead.
The jackal closely misses you.
The orc priest calls down the wrath of Beogh upon you.
Beogh smites you!
Ouch! That really hurt!
You die...

.............#
.........#...#
#.<.....#
###.#...# h.
#.#...+ #.#
#.#...# #..#
#.....# #o.#
#...).# #..#
#.#.o@##..#
#...ho#...#
###.#Z†.#
#.>........Z
#.#####.####
#.# # .. .# #.


You could see an orc priest, an orc, a jackal and a quokka skeleton.

Vanquished Creatures
  A worker ant (D:4)
  2 adders
  An ooze (D:1)
  4 worms
  3 dart slugs
  4 leopard geckos
  3 orcs
  2 ball pythons (D:3)
  5 goblins
  4 hobgoblins
  4 jackals
  A quokka (D:3)
  8 bats
  5 frilled lizards
  8 kobolds
  15 rats
70 creatures vanquished.

Notes
Turn   | Place    | Note
-------+----------+-------------------------------------------
     0 | D:1      | lorenzova the Spriggan Monk began the quest for the Orb.
     0 | D:1      | Reached XP level 1. HP: 11/11 MP: 2/2
   444 | D:1      | Reached XP level 2. HP: 13/16 MP: 3/3
   709 | D:1      | Reached skill level 5 in Dodging
   962 | D:1      | Reached XP level 3. HP: 16/19 MP: 4/4
  1013 | D:2      | Found a runed door.
  1657 | D:2      | Reached XP level 4. HP: 14/23 MP: 5/5
  1977 | D:3      | Noticed Lochraine's ghost (amateur MfIE)
  2159 | D:3      | Reached skill level 6 in Dodging
  2359 | D:4      | Reached skill level 5 in Stealth
  2359 | D:4      | Reached skill level 1 in Spellcasting
  2499 | D:4      | Killed from afar by an orc priest

Skill      XL: |  1  2  3  4 |
---------------+-------------+-----
Stealth        | 4 5 |  5.0
Dodging        | 5 6 |  6.3
Spellcasting   | 1 |  1.3
Fighting       | |  2.4
Short Blades   | |  3.9

Action                   |  1- 3 |  4- 6 || total
-------------------------+-------+-------++-------
Melee: Short sword       |   152 |   129 ||   281
 Stab: Sleeping          |     9 |     2 ||    11
       Distracted        |       |     2 ||     2
Armor: Robe              |    15 |     9 ||    24
Dodge: Dodged            |   134 |   126 ||   260
